 Dungeon Crawl Stone Soup version 0.22.0-49-gab54619 (webtiles) character file.

359 Loudmushroom the Shield-Bearer (level 6, -12/39 HPs)
             Began as a Gargoyle Fighter on Sept 7, 2018.
             Killed by divine providence
             ... invoked by an orc priest
              (15 damage)
             ... on level 4 of the Dungeon.
             The game lasted 00:11:48 (2752 turns).

Loudmushroom the Shield-Bearer (Gargoyle Fighter)   Turns: 2752, Time: 00:11:48

Health: -12/39     AC: 14    Str: 21    XL:     6   Next: 65%
Magic:  6/6        EV:  5    Int:  9    God:
Gold:   176        SH:  9    Dex:  9    Spells: 5/5 levels left

rFire    . . .     SeeInvis .   a - +0 war axe
rCold    . . .     Gourm    .   c - +0 shield
rNeg     + . .     Faith    .   C - +0 chain mail
rPois    ∞         Spirit   .   (no helmet)
rElec    +         Reflect  .   y - scarf {cloud immunity}
rCorr    .         Harm     .   (no gloves)
MR       .....                  (no boots)
Stlth    ..........             o - amulet of regeneration
HPRegen  0.53/turn              (no ring)
MPRegen  0.10/turn              (no ring)

@: no status effects
A: negative energy resistance 1, electricity resistance, unbreathing,
petrification resistance, rot immunity, AC +4
a: no special abilities


You were on level 4 of the Dungeon.
You were hungry.

You visited 1 branch of the dungeon, and saw 4 of its levels.

You collected 176 gold pieces.

Inventory:

Hand Weapons
 a - a +0 war axe (weapon)
 b - a +0 hunting sling
 g - a +0 mace
 F - a +0 flail
Missiles
 j - 185 stones
 p - 5 tomahawks (quivered)
 x - 33 sling bullets
 A - 8 poisoned needles
Armour
 c - a +0 shield (worn)
 y - a scarf of cloud immunity (worn)
 C - a +0 chain mail (worn)
Jewellery
 o - an amulet of regeneration (around neck)
Wands
 t - a wand of random effects (39)
Scrolls
 i - 2 scrolls of remove curse {unknown}
 m - 3 scrolls of identify {unknown}
 q - 2 scrolls of enchant armour {unknown}
 s - a scroll of teleportation {unknown}
 w - a scroll of enchant weapon {unknown}
 D - a scroll of noise {unknown}
 E - a scroll of amnesia {unknown}
Potions
 d - a potion of might
 e - 2 potions of haste {unknown}
 h - 2 potions of curing {unknown}
 k - 2 potions of mutation {unknown}
 l - a potion of resistance {unknown}
 n - 3 potions of brilliance {unknown}
 r - a potion of cancellation {unknown}
 u - 2 potions of lignification {unknown}
 v - 2 potions of flight {unknown}
 z - a potion of heal wounds {unknown}
Comestibles
 f - 5 rations
 B - 4 chunks of flesh


   Skills:
 + Level 4.5 Fighting
 * Level 4.1 Axes
 + Level 4.5 Armour
 + Level 4.6 Shields


You had 5 spell levels left.
You didn't know any spells.
Your spell library was empty.

Dungeon Overview and Level Annotations

Branches:
Dungeon (4/15)
 Temple: D:4-7

Altars:
Xom


Innate Abilities, Weirdness & Mutations

You are resistant to torment.
Your stone body is resilient. (AC +4)
You are immune to poison.
You resist negative energy. (rN+)
You are resistant to electric shocks. (rElec)
You can survive without breathing.
You are immune to petrification.
You are immune to rotting.


Message History

You block the orc wizard's attack.
The orc priest hits you but does no damage.
The orc wizard casts a spell.
The orc wizard flickers and vanishes!
Deactivating autopickup; reactivate with Ctrl-A.
You hit the orc priest but do no damage.
The orc priest is severely wounded.
You closely miss something. The orc priest barely misses you.
You hear some strange, mumbled words.
A puff of flame appears from out of thin air!
The puff of flame hits you!
* * * LOW HITPOINT WARNING * * *
The orc priest hits you with a flail.
* * * LOW HITPOINT WARNING * * *
Your chain mail prevents you from hitting the orc priest.
The orc priest is severely wounded.
You barely miss something. Something hits you but does no damage.
The orc priest mumbles some strange prayers to Beogh against you.
Beogh smites you!
You die...

. ..##
###............
.##...
............<.
...... #........!...
...... #...........
.....o #.....)....
...... ###....###
....=.#### ###.####
.........### #.<.#
......##...#####@).#
......
###.....{o..##
...... #####......#
>..... #...###..<#
...... #....# .....
...... #...###
...... ...... #...
...... ###. ..... ..


You could see an orc priest.

Vanquished Creatures
  Menkaure (D:4)
  A bullfrog (D:2)
  Robin (D:3)
  6 adders
  3 oozes (D:3)
  A dart slug (D:2)
  A leopard gecko (D:1)
  2 orcs
  A ball python (D:1)
  4 giant cockroaches
  14 hobgoblins
  13 jackals
  4 quokkas
  7 bats
  5 frilled lizards
  11 goblins
  4 kobolds
  8 rats
87 creatures vanquished.

Notes
Turn   | Place    | Note
-------+----------+-------------------------------------------
     0 | D:1      | Loudmushroom the Gargoyle Fighter began the quest for the
                  | Orb.
     0 | D:1      | Reached XP level 1. HP: 14/14 MP: 1/1
    94 | D:1      | Reached XP level 2. HP: 19/19 MP: 2/2
   902 | D:2      | Reached XP level 3. HP: 23/23 MP: 3/3
  1138 | D:2      | Noticed a bullfrog
  1148 | D:2      | Killed a bullfrog
  1148 | D:2      | Reached XP level 4. HP: 13/29 MP: 4/4
  1187 | D:2      | Found a shimmering altar of Xom.
  1361 | D:2      | Reached XP level 5. HP: 32/33 MP: 5/5
  2391 | D:3      | Noticed Robin
  2397 | D:3      | Killed Robin
  2412 | D:3      | Reached XP level 6. HP: 38/38 MP: 6/6
  2670 | D:4      | Noticed Menkaure
  2675 | D:4      | Killed Menkaure
  2752 | D:4      | Killed from afar by an orc priest

Skill      XL: |  1  2  3  4  5  6 |
---------------+-------------------+-----
Axes           | 2 3 4 |  4.1
Armour         | 4 |  4.5
Shields        | 4 |  4.6
Fighting       | 4 |  4.5

Action                   |  1- 3 |  4- 6 || total
-------------------------+-------+-------++-------
Melee: War axe           |    98 |   188 ||   286
  Eat: Chunk             |     1 |     5 ||     6
Armor: Scale mail        |    64 |   103 ||   167
       Chain mail        |       |    32 ||    32
Dodge: Dodged            |    51 |    60 ||   111
Block: Shield            |    76 |   121 ||   197
